 Dungeon Crawl Stone Soup version 0.25-a0-528-g6b7c99946c (webtiles) character file.

Game seed: 4985156541824866241, levelgen mode: deterministic

2 Esekla the Magician (level 1, -1/10 HPs)
             Began as a Deep Elf Wizard on Feb 19, 2020.
             Slain by a rat (2 damage)
             ... on level 2 of the Dungeon.
             The game lasted 00:01:24 (84 turns).

Esekla the Magician (Deep Elf Wizard)                 Turns: 84, Time: 00:01:24

Health: -1/10      AC:  2    Str:  4    XL:     1   Next: 33%
Magic:  0/8        EV: 13    Int: 22    God:
Gold:   0          SH:  0    Dex: 13    Spells: 8/9 levels left

rFire    . . .     SeeInvis .   (no weapon)
rCold    . . .     Gourm    .   (no shield)
rNeg     . . .     Faith    .   a - +0 robe
rPois    .         Spirit   .   b - +0 hat
rElec    .         Reflect  .   (no cloak)
rCorr    .         Harm     .   (no gloves)
MR       .....                  (no boots)
Stlth    +.........             (no amulet)
HPRegen  0.03/turn              c - ring of attention (curse)
MPRegen  0.11/turn              (no ring)

@: very slightly contaminated
A: no striking features
a: no special abilities


You were on level 2 of the Dungeon.
You were not hungry.

You visited 1 branch of the dungeon, and saw 2 of its levels.

Inventory:

Armour
 a - a +0 robe (worn)
 b - a +0 hat (worn)
Jewellery
 c - a cursed ring of attention (left hand)
Comestibles
 d - a ration


   Skills:
 * Level 2.4 Dodging
 + Level 2.4 Stealth
 * Level 4.6 Spellcasting
 + Level 1.1 Conjurations
   Level 1.1 Summonings
   Level 1.1 Translocations


You had 8 spell levels left.
You knew the following spells:

 Your Spells              Type           Power        Failure   Level  Hunger
a - Magic Dart            Conj           #...         7%          1    None

Your spell library contained the following spells:

 Spells                   Type           Power        Failure   Level  Hunger
 Blink                    Tloc           N/A          10%         2    None
 Call Imp                 Summ           #.......     10%         2    None
 Slow                     Hex            #.......     16%         2    None
 Conjure Flame            Conj/Fire      #.......     26%         3    ##.....
 Mephitic Cloud           Conj/Pois/Air  #.......     26%         3    ##.....


Dungeon Overview and Level Annotations

Branches:
Dungeon (1/15)

Altars:


Message History

The giant cockroach barely misses you. The giant cockroach barely misses you.
A kobold comes into view. It is wielding a +0 whip.
The giant cockroach barely misses you.
Casting: Magic Dart (safe; 7% risk of failure)
Confirm with . or Enter, or press ? or * to list all spells.
Aiming: Magic Dart (safe; 7% risk of failure)
Press: ? - help, Shift-Dir - straight line, f/p - giant cockroach
Aim: a giant cockroach (severely wounded)
The magic dart hits the giant cockroach but does no damage.
The giant cockroach is severely wounded.
The kobold shouts!
The giant cockroach misses you. The kobold hits you with a +0 whip.
Ouch! That really hurt!
* * * LOW HITPOINT WARNING * * *
As you read the scroll labeled ANIPNI HIGO, it crumbles to dust.
You feel aware of your surroundings.
It was a scroll of magic mapping.
The kobold hits you but does no damage. The rat bites you.
You die...

**,,,,,,,,,,*,,,,,,,,,,*
,,,,,,,******,,,,..,,,,*
,*,***** *****.#*****
*,,********** *.#
,,***,,,*,,,** *.#
****,,,,,,,,,**##.#
***,,,,,,,,,,,*#..*
,,,,,,,,,,,,,,*#K#*
,,,,,,,>,,,,,,*#@#
#***,,,,,,,,,###r# #
**,,,*,,,##sr.# #
********#..### # #.##
*######## #.# *#......#
#.# ##......# #.#
........## #.#


You could see a kobold and 2 rats.

Vanquished Creatures
  2 jackals (D:2)
2 creatures vanquished.

Notes
Turn   | Place    | Note
-------+----------+-------------------------------------------
     0 | D:1      | Esekla the Deep Elf Wizard began the quest for the Orb.
     0 | D:1      | Reached XP level 1. HP: 10/10 MP: 7/7
    22 | D:1      | You fall into a shaft and drop 1 floor!
    84 | D:2      | Slain by a rat

Levels and vault maps discovered:
D:1:      dpeg_arrival_rhombus, layout_rooms
D:2:      layout_rooms, uniq_natasha

Action                   || total
-------------------------++-------
Melee: Unarmed           ||     3
 Cast: Magic Dart        ||    11
  Use: Scroll            ||     1
Armor: Robe              ||     4
Dodge: Dodged            ||    16

Table legend:
 A = Non-vault XP
 B = Vault XP
 C = Vault XP percentage of total XP
 D = Non-vault monster count
 E = Vault monster count
 F = Vault count percentage of total count
                 A         B        C        D         E       F
            +---------+---------+-------+---------+---------+-------
      Total |       4 |       0 |   0.0 |       2 |       0 |   0.0
            +---------+---------+-------+---------+---------+-------
        D:2 |       4 |       0 |   0.0 |       2 |       0 |   0.0
            +---------+---------+-------+---------+---------+-------
